 Dungeon Crawl Stone Soup version 0.27-a0-1500-g450c7e4133 (webtiles) character file.

Game seed: 11286142738476644784

8597 quinnr the Zephyrmancer (level 11, -3/67 HPs)
             Began as a Tengu Air Elementalist on July 7, 2021.
             Was a Follower of Vehumet.
             Shot with an arrow by something (18 damage)
             ... on level 9 of the Dungeon.
             The game lasted 00:53:52 (16353 turns).

quinnr the Zephyrmancer (Tengu Air Elementalist)   Turns: 16353, Time: 00:53:52

Health: -3/67      AC:  2    Str:  8    XL:     11   Next: 33%
Magic:  19/22      EV: 18    Int: 18    God:    Vehumet [*.....]
Gold:   786        SH:  5    Dex: 16    Spells: 12/24 levels left

rFire    . . .     SeeInvis .   z - +3 spear (vamp)
rCold    . . .     Faith    .   (no shield)
rNeg     + . .     Spirit   .   a - +0 robe
rPois    .         Reflect  +   (helmet restricted)
rElec    .         Harm     .   (no cloak)
rCorr    +         Rampage  .   (no gloves)
Will     .....                  (boots unavailable)
Stlth    ++........             E - amulet of reflection
HPRegen  0.21/turn              t - ring of positive energy
MPRegen  0.18/turn              w - ring of resist corrosion

@: flying quickly and evasively, quick
A: beak, talons 3, nimble flight
a: Renounce Religion


You were on level 9 of the Dungeon.
You worshipped Vehumet.
Vehumet was aware of your devotion.
You visited 2 branches of the dungeon, and saw 10 of its levels.
You also visited: Bailey.

You collected 786 gold pieces.

Inventory:

Hand Weapons
 z - a +3 vampiric spear (weapon)
Missiles
 c - 38 boomerangs
 i - 6 curare-tipped darts
 o - 3 throwing nets
Armour
 a - a +0 robe (worn)
Magical Staves
 d - a staff of poison
Jewellery
 m - a ring of ice
 t - a ring of positive energy (left hand)
 w - a ring of resist corrosion (right hand)
 E - an amulet of reflection (around neck)
Wands
 x - a wand of charming (6)
 A - a wand of polymorph (9)
Scrolls
 b - 3 scrolls of teleportation
 g - a scroll of immolation {unknown}
 h - 2 scrolls of enchant weapon {unknown}
 j - 2 scrolls of fear {unknown}
 l - 2 scrolls of acquirement {unknown}
 s - 2 scrolls of noise
 y - 2 scrolls of amnesia
Potions
 f - 2 potions of curing
 k - a potion of brilliance
 n - a potion of haste
 r - 2 potions of attraction
 C - 2 potions of ambrosia
 D - a potion of mutation
Miscellaneous
 e - a phantom mirror (inert)


   Skills:
 - Level 7.0 Fighting
 - Level 7.0 Dodging
 - Level 3.0 Stealth
 - Level 7.0 Spellcasting
 - Level 7.0 Conjurations
 - Level 2.0 Translocations
 + Level 13.3 Air Magic
 - Level 4.0 Evocations


You had 12 spell levels left.
You knew the following spells:

 Your Spells              Type           Power      Damage    Failure   Level
a - Shock                 Conj/Air       100%       1d9       1%          1
b - Airstrike             Air            26%        N/A       1%          4
c - Blink                 Tloc           N/A        N/A       7%          2
d - Mephitic Cloud        Conj/Pois/Air  30%        N/A       1%          3
e - Static Discharge      Conj/Air       42%        N/A       1%          2

Your spell library contained the following spells:

 Spells                   Type           Power      Damage    Failure   Level
 Freeze                   Ice            24%        1d5       11%         1
 Magic Dart               Conj           100%       1d8       1%          1
 Searing Ray              Conj           62%        3d5       1%          2
 Swiftness                Air            53%        N/A       1%          3
 Apportation              Tloc           26%        N/A       4%          1
 Animate Skeleton         Necr           12%        N/A       11%         1
 Corona                   Hex            6%         N/A       11%         1
 Sandblast                Erth           12%        2d6       11%         1
 Summon Small Mammal      Summ           24%        N/A       11%         1
 Lesser Beckoning         Tloc           6%         N/A       14%         3
 Call Imp                 Summ           6%         N/A       16%         2
 Passwall                 Tmut/Erth      5%         N/A       16%         2
 Slow                     Hex            6%         N/A       16%         2
 Sublimation of Blood     Necr           3%         N/A       16%         2
 Fulminant Prism          Conj/Hex       9%         3d7       26%         4
 Confusing Touch          Hex            6%         N/A       32%         3
 Spider Form              Tmut/Pois      3%         N/A       32%         3
 Summon Guardian Golem    Hex/Summ       6%         N/A       32%         3
 Vampiric Draining        Necr           3%         2d6       32%         3
 Irradiate                Conj/Tmut      9%         3d17      56%         5
 Petrify                  Tmut/Erth      6%         N/A       71%         4
 Manifold Assault         Tloc           13%        N/A       78%         5
 Lee's Rapid Deconstruct  Erth           3%         3d6*      96%         5
 Invisibility             Hex            3%         N/A       100%        6
 Summon Hydra             Summ           3%         N/A       100%        7


Dungeon Overview and Level Annotations

Branches:
Dungeon (9/15)             Temple (1/1) D:7            Lair (0/6) D:9
    Orc (0/2) D:9          Bailey (visited)

Altars:
Ashenzari
Cheibriados
Dithmenos
Elyvilon
Fedhas
Gozag
Hepliaklqana
Makhleb
Nemelex Xobeh
Okawaru
Qazlal
Ru
Sif Muna
Trog
Uskayaw
Vehumet
Wu Jian
Xom
Yredelemnul
Zin
The Shining One

Shops:
D:2 (


Innate Abilities, Weirdness & Mutations

You have a beak for a mouth.
You have claws for feet.
Your magical nature lets you fly swiftly and evasively.


Message History

Vehumet accepts your kill.
You feel your power returning.
m - a ring of ice You now have 786 gold pieces (gained 44).
Things that are here:
a +0 shortbow; 17 arrows; a centaur corpse You start resting.
A centaur warrior comes into view.
The centaur warrior moves out of view.
Found a ring mail.
You start resting.
Magic restored.
You start resting.
A centaur warrior comes into view.
Unknown command.
Casting: Airstrike (safe; 1% risk of failure)
Confirm with . or Enter, or press ? or * to list all spells.
Okay, then.
The centaur warrior shouts!
The centaur warrior drinks a potion.
The centaur warrior flickers and vanishes!
Deactivating autopickup; reactivate with Ctrl-A.
An arrow appears from out of thin air!
The arrow hits you!!
Casting: Airstrike (safe; 1% risk of failure)
Confirm with . or Enter, or press ? or * to list all spells.
You can't see any susceptible monsters within range! (Use Z to cast anyway.) Unknown command.
Casting: Airstrike (safe; 1% risk of failure)
Confirm with . or Enter, or press ? or * to list all spells.
Aiming: Mephitic Cloud (safe; 1% risk of failure)
Press: ? - help, Shift-Dir - straight line The ball explodes into a vile cloud!
An arrow appears from out of thin air!
The arrow closely misses you.
Unknown command.
Unknown command.
An arrow appears from out of thin air!
The arrow hits you!
An arrow appears from out of thin air!
The arrow hits you!!
* * * LOW HITPOINT WARNING * * *
An arrow appears from out of thin air!
The arrow hits you!!
You die...

#.# #. #.# #. #.#
#. #.# #.
#################.
#......☼{.......).
#.....°○..........
#......°°.........
#@################
#.# #.# #.# #[#
#.# #.# ** #.# #.#
*, #.# *.# *, #.#
*,* *. #.# **,* *#
*,* *,,* *****


There were no monsters in sight!

Vanquished Creatures
  Harold (D:6)
  A two-headed ogre (D:9)
  An orc knight (Bailey)
  A kobold demonologist (D:9)
  8 yaks (D:8)
  2 wyverns
  Edmund (D:4)
  2 water moccasins (D:8)
  A black bear (D:8)
  4 orc warriors
  2 ice beasts
  2 sky beasts
  3 ogres
  4 centaurs
  A phantom (D:5)
  Blork the orc (D:4)
  A kobold brigand (D:9)
  5 bullfrogs
  2 gnoll sergeants
  4 scorpions
  4 killer bees
  4 wights (D:9)
  4 howler monkeys
  A centaur zombie (D:9)
  2 jellies
  6 orc priests
  A bullfrog skeleton (D:7)
  5 hounds
  A centaur skeleton (D:6)
  10 orc wizards
  A hound skeleton (D:4)
  2 howler monkey zombies
  15 gnolls
  7 adders
  A howler monkey skeleton (D:5)
  A white imp (D:6)
  3 worms (D:2)
  A dart slug (D:2)
  21 orcs
  4 bats
  7 endoplasms
  3 giant cockroaches
  9 hobgoblins
  5 jackals
  A quokka (D:1)
  8 ball pythons
  3 frilled lizards
  6 goblins
  20 kobolds
  12 rats
215 creatures vanquished.

Vanquished Creatures (collateral kills)
  Erolcha (D:9)
  A yak (D:8)
2 creatures vanquished.

Vanquished Creatures (others)
  2 yaks (D:8)
  3 plants (D:1)
5 creatures vanquished.

Grand Total: 222 creatures vanquished

Notes
Turn   | Place    | Note
-------+----------+-------------------------------------------
     0 | D:1      | quinnr the Tengu Air Elementalist began the quest for the
                  | Orb.
     0 | D:1      | Reached XP level 1. HP: 10/10 MP: 4/4
   303 | D:1      | quinnr: ??staff
   303 | D:1      | beem: magical staff[1/3]: (staves; +5 acc / 5 dam / 1.2
                  | base delay / 0.6 min delay). A one-handed staff that
                  | enhances the spellpower of spells in its respective school
                  | by 50% and has a chance of doing extra elemental damage
                  | {see magical staff[2]}. All but earth and conjurations also
                  | confer resistance of the appropriate type. Types: air,
                  | cold, conjurations, death, earth, fire, poison.
   303 | D:1      | quinnr: ??staff[2
   303 | D:1      | beem: magical staff[2/3]: Magical staves have a (2*evoc +
                  | magic skill)/30 chance of getting random2(1.25*(magic skill
                  | + evoc/2)) extra elemental damage (for earth this is
                  | increased by 1/3). This damage ignores AC, checking the
                  | appropriate resistance instead, except for conjurations,
                  | which checks AC, and earth, which checks AC three times.
   303 | D:1      | quinnr: ??staff[3
   303 | D:1      | beem: magical staff[3/3]: i almost never use enhancer
                  | staves unless i'm using them to enhance my casting
   406 | D:1      | Reached XP level 2. HP: 9/15 MP: 0/6
   617 | D:1      | Found a faded altar of an unknown god.
   706 | D:1      | Reached skill level 5 in Air Magic
  1233 | D:2      | Reached XP level 3. HP: 19/19 MP: 4/7
  1456 | D:2      | Reached skill level 6 in Air Magic
  1837 | D:2      | Found Kiucs's Weapon Shoppe.
  1974 | D:2      | Reached XP level 4. HP: 24/24 MP: 0/8
  1979 | D:2      | Learned a level 4 spell: Airstrike
  2779 | D:3      | Reached skill level 1 in Fighting
  2779 | D:3      | Gained mutation: Your magical nature lets you fly swiftly
                  | and evasively. [Tengu growth]
  2779 | D:3      | Reached XP level 5. HP: 25/29 MP: 0/9
  3215 | D:2      | Reached skill level 7 in Air Magic
  3426 | D:4      | Noticed Blork the orc
  3606 | D:4      | Reached skill level 8 in Air Magic
  3606 | D:4      | Reached XP level 6. HP: 34/34 MP: 0/11
  3646 | D:3      | quinnr: ??options
  3646 | D:3      | beem: rcfile[1/4]:
                  | https://github.com/crawl/crawl/blob/master/crawl-ref/docs/o
                  | ptions_guide.txt
  4224 | D:4      | Noticed Edmund
  4241 | D:4      | Killed Edmund
  4242 | D:4      | Reached XP level 7. HP: 38/38 MP: 0/13
  4383 | D:4      | Reached skill level 9 in Air Magic
  5020 | D:4      | Killed Blork the orc
  5162 | D:5      | Entered Level 5 of the Dungeon
  5254 | D:5      | Reached skill level 10 in Air Magic
  5538 | D:5      | Reached XP level 8. HP: 43/43 MP: 2/15
  5657 | D:5      | Reached skill level 11 in Air Magic
  6479 | D:6      | Reached skill level 12 in Air Magic
  7001 | D:6      | You are sucked into a shaft and drop 2 floors!
  7019 | D:8      | Reached skill level 13 in Air Magic
  7285 | D:8      | Reached XP level 9. HP: 44/47 MP: 12/16
  7535 | D:8      | Reached skill level 1 in Evocations
  7970 | D:7      | Found a sparkling altar of Nemelex Xobeh.
  7970 | D:7      | Found an ornate altar of the Wu Jian Council.
  8199 | D:8      | Reached skill level 5 in Spellcasting
  8440 | D:8      | Reached skill level 5 in Dodging
  8707 | D:8      | Reached XP level 10. HP: 58/58 MP: 11/18
  8710 | D:8      | Reached skill level 5 in Fighting
  8986 | D:8      | Noticed Harold
  9806 | D:7      | Found a staircase to the Ecumenical Temple.
  9856 | Temple   | Entered the Ecumenical Temple
  9881 | Temple   | Became a worshipper of Vehumet
 10743 | D:7      | Got the Catalogue of Creation and Moulding
 10857 | D:7      | Learned a level 2 spell: Blink
 11192 | D:8      | Learned a level 3 spell: Mephitic Cloud
 11683 | D:9      | Found a flagged portal.
 11721 | Bailey   | Entered a bailey
 11968 | Bailey   | Got the Grimoire of Flying Execration
 11973 | Bailey   | Noticed an orc knight
 12122 | Bailey   | Reached skill level 1 in Translocations
 12309 | Bailey   | Killed an orc knight
 12459 | Bailey   | Found a burning altar of Makhleb.
 12560 | D:9      | Noticed Erolcha
 12582 | D:9      | Killed Erolcha
 12592 | D:9      | Noticed a two-headed ogre
 13547 | D:6      | Learned a level 2 spell: Static Discharge
 13992 | D:6      | Killed Harold
 13993 | D:6      | Reached skill level 5 in Conjurations
 14283 | D:8      | Reached XP level 11. HP: 24/66 MP: 0/21
 15003 | D:9      | Found a staircase to the Orcish Mines.
 15179 | D:9      | Killed a two-headed ogre
 15528 | D:9      | Reached * piety under Vehumet
 15528 | D:9      | Offered knowledge of Freeze by Vehumet.
 15603 | D:9      | Found a basalt altar of Yredelemnul.
 15677 | D:9      | Found a staircase to the Lair.
 16187 | D:9      | Noticed a centaur warrior
 16348 | D:9      | Noticed a centaur warrior
 16353 | D:9      | Shot with an arrow by something

Illustrated notes

Levels and vault maps discovered:
D:1:      dpeg_arrival_erosion, layout_loops_ring,
          shapermc_ecumenical_altar_mp_ritualfount
D:2:      layout_rooms, serial_shops, shop
D:3:      layout_rooms
D:4:      layout_layer_cave, uniq_blork_the_orc, uniq_edmund
D:5:      layout_loops_cross
D:6:      nicolae_whirlpool, layout_loops_ring
D:7:      layout_basic, chequers_temple_overflow_statue_of_worship, temple_hall,
          kennysheep_path_1
D:8:      layout_loops_corners, hangedman_glass_teeth, uniq_harold
D:9:      hangedman_cross_veins, layout_rooms, mainiacjoe_overflow_alcove_4,
          lair_entry_dummy, enter_bailey_7, serial_co_window_serial,
          co_window_paths_a, co_window_of_opportunity_a,
          co_window_of_opportunity_a, co_window_of_opportunity_a,
          co_window_paths_b, co_window_broadway_c, co_window_corner_b,
          co_window_broadway_b, co_window_2corner, co_window_paths_c,
          minmay_misc_feat_ornament, uniq_erolcha
Temple:   compressed_dpeg_circular_temple

Skill      XL: |  1  2  3  4  5  6  7  8  9 10 11 |
---------------+----------------------------------+-----
Air Magic      | 5 6 8 10 13 | 13.3
Fighting       | 1 4 6 7 |  7.0
Spellcasting   | 3 4 5 6 7 |  7.0
Stealth        | 3 |  3.0
Evocations     | 4 |  4.0
Dodging        | 5 6 7 |  7.0
Conjurations   | 5 7 |  7.0
Translocations | 2 |  2.0

Action                   |  1- 3 |  4- 6 |  7- 9 | 10-12 || total
-------------------------+-------+-------+-------+-------++-------
Melee: Staff             |    25 |    12 |     8 |    31 ||    76
       Peck              |     2 |     2 |     2 |    15 ||    21
       Kick              |     4 |     6 |     3 |    12 ||    25
       Spear             |       |       |     3 |    15 ||    18
Throw: Boomerang         |       |       |       |    15 ||    15
 Cast: Shock             |    81 |   102 |    92 |   102 ||   377
       Airstrike         |       |     8 |    70 |   126 ||   204
       Mephitic Cloud    |       |       |       |    14 ||    14
       Static Discharge  |       |       |       |     7 ||     7
       Blink             |       |       |       |     2 ||     2
Evoke: Wand              |       |       |     5 |     2 ||     7
       Phantom mirror    |       |       |       |     1 ||     1
  Use: Scroll            |       |       |     1 |    14 ||    15
       Potion            |       |       |       |     4 ||     4
 Stab: Confused          |       |       |       |     1 ||     1
Armor: Robe              |     4 |     8 |     1 |     4 ||    17
Dodge: Dodged            |    19 |    13 |    19 |    75 ||   126
Block: Other             |       |       |       |    10 ||    10
       Reflection        |       |       |       |     1 ||     1

Table legend: (Time is in decaauts)
 A = Elapsed time spent in this place.
 B = Non-inter-level travel time spent in this place.
 C = Inter-level travel time spent in this place.
 D = Time resting spent in this place.
 E = Time spent auto-exploring this place.
 F = Levels seen in this place.
 G = Mean time per level.
                   A        B        C        D        E       F      G
               +--------+--------+--------+--------+--------+-----+--------+
         Total |  15754 |  15034 |    720 |   3996 |   8489 |  11 | 1432.2 |
       Dungeon |  14881 |  14176 |    705 |   3608 |   8244 |   9 | 1653.4 |
        Temple |     80 |     66 |     14 |      0 |     62 |   1 |   80.0 |
        Bailey |    792 |    792 |      0 |    388 |    183 |   1 |  792.0 |
               +--------+--------+--------+--------+--------+-----+--------+

Top non-repeatable levels by time:
     D:8: 3769 daAuts
     D:6: 1953 daAuts
     D:4: 1644 daAuts
     D:7: 1515 daAuts
     D:9: 1314 daAuts
     D:5: 1288 daAuts
     D:1: 1215 daAuts
     D:2: 1150 daAuts
     D:3: 1029 daAuts
  Bailey: 792 daAuts
  Temple: 80 daAuts
